Map: Deathaura LE

Players

SKillous

  • Race: Protoss Protoss
  • League: Master
  • Spawn Location: 5:00

INnoVation - Winner!

  • Race: Terran Terran
  • Spawn Location: 11:00

Event: StayAtHome Story Cup #3

VOD

Have the link to the VOD?

Description

Time

  • Played on: March 12, 2021, 9:51 a.m.
  • Length: 6:42

All games in this series

Show
View Real Time Build Order
Export as new Build Order

SKillous Protoss 

Build Orders: 1 Gate Expand, Phoenix Opening, Colossus Rush 

Get SALT Encoding   

  12  0:00  Probe  
  13  0:12  Probe  
  14  0:17  Pylon  
  14  0:24  Probe (Chrono Boost)  
  15  0:37  Probe (Chrono Boost), Gateway  
  16  0:44  Probe (Chrono Boost)  
  16  0:46  Assimilator  
  17  0:51  Probe  
  18  1:03  Probe  
  19  1:15  Probe  
  20  1:23  Nexus  
  20  1:32  Cybernetics Core  
  20  1:34  Probe  
  20  1:38  Assimilator  
  21  1:46  Probe  
  22  1:50  Pylon  
  22  1:58  Probe  
  23  2:05  Adept (Chrono Boost)  
  25  2:10  Probe  
  26  2:17  Stargate  
  26  2:22  Probe  
  27  2:27  Stalker (Chrono Boost)  
  27  2:34  Probe (Chrono Boost)  
  30  2:43  Probe (Chrono Boost)  
  30  2:46  Probe (Chrono Boost)  
  30  2:47  Warp Gate  
  32  2:51  Probe (Chrono Boost)  
  32  2:52  Probe (Chrono Boost)  
  33  3:00  Phoenix (Chrono Boost)  
  33  3:01  Probe  
  33  3:02  Probe  
  37  3:10  Shield Battery  
  37  3:13  Probe  
  37  3:14  Probe  
  37  3:15  Pylon  
  39  3:20  Phoenix (Chrono Boost)  
  39  3:25  Probe  
  39  3:26  Probe  
  43  3:31  Gateway  
  43  3:34  Assimilator  
  43  3:37  Probe  
  43  3:38  Assimilator  
  44  3:43  Phoenix  
  47  3:49  Probe (Chrono Boost)  
  47  3:51  Robotics Facility  
  48  3:56  Probe (Chrono Boost)  
  48  3:58  Pylon  
  48  4:01  Probe (Chrono Boost)  
  49  4:09  Probe x2 (Chrono Boost), Phoenix  
  53  4:15  Probe  
  54  4:17  Probe  
  55  4:25  Pylon  
  55  4:27  Probe  
  56  4:33  Probe  
  56  4:36  Phoenix  
  59  4:40  Immortal (Chrono Boost)  
  59  4:41  Robotics Bay  
  63  4:55  Stalker, Sentry  
  63  4:58  Probe  
  66  5:01  Pylon  
  66  5:06  Probe  
  69  5:12  Void Ray (Chrono Boost), Pylon  
  69  5:13  Probe  
  70  5:23  Stalker x2  
  76  5:34  Colossus (Chrono Boost)  
  66  5:47  Shield Battery, Stalker x2  
  66  5:48  Shield Battery  
  70  5:50  Pylon  
  70  5:52  Void Ray  
  74  6:06  Pylon  
  74  6:14  Stalker  
  76  6:21  Nexus  
  76  6:23  Pylon  
Show
View Real Time Build Order
Export as new Build Order

INnoVation Terran - Winner!

Build Orders:  

Get SALT Encoding   

  12  0:00  SCV  
  13  0:12  SCV  
  14  0:17  Supply Depot  
  14  0:24  SCV  
  15  0:38  SCV  
  15  0:39  Barracks  
  16  0:43  Refinery  
  16  0:50  SCV  
  16  0:52  Refinery  
  17  1:03  SCV  
  18  1:15  SCV  
  19  1:26  Reaper  
  19  1:27  Orbital Command  
  20  1:35  Supply Depot  
  20  1:40  Factory  
  20  1:53  SCV  
  21  1:58  Marine  
  22  2:05  SCV  
  23  2:17  SCV  
  23  2:20  Command Center  
  24  2:23  Barracks Reactor  
  24  2:31  Starport  
  24  2:34  SCV  
  25  2:38  Widow Mine  
  27  2:47  SCV  
  28  2:51  Supply Depot  
  28  2:59  Factory Tech Lab, SCV  
  28  3:00  Marine x2  
  31  3:13  Medivac  
  31  3:14  SCV  
  31  3:17  Marine x2  
  36  3:21  Cyclone  
  39  3:31  SCV  
  39  3:32  Orbital Command  
  40  3:35  Marine x2  
  42  3:43  Viking  
  42  3:45  SCV  
  45  3:49  Supply Depot  
  45  3:53  Marine x2  
  47  3:59  Siege Tank  
  50  4:04  SCV x2  
  52  4:11  Marine x2, Supply Depot  
  54  4:17  Viking  
  54  4:21  SCV  
  54  4:22  SCV  
  58  4:29  Marine x2  
  60  4:34  Siege Tank, Supply Depot  
  60  4:38  SCV x2  
  63  4:46  Marine  
  63  4:47  Marine  
  63  4:48  Viking  
  63  4:52  SCV x2  
  69  4:53  Supply Depot  
  69  5:04  Marine x2  
  69  5:05  SCV x2  
  73  5:08  Supply Depot  
  73  5:11  Siege Tank  
  76  5:21  Bunker  
  76  5:22  SCV x2, Marine x2  
  76  5:27  Viking  
  82  5:34  SCV x2  
  77  5:43  Marine x2  
  77  5:44  Command Center  
  77  5:46  SCV x2  
  81  5:57  Siege Tank  
  81  5:59  SCV x2  
  81  6:00  Marine  
  81  6:01  Barracks, Marine  
  88  6:04  Barracks  
  88  6:09  Refinery x2  
  88  6:14  SCV x2  
  88  6:18  Marine x2  
  88  6:21  Bunker  
  90  6:26  SCV  
  90  6:27  SCV  
Tags
 
Add a new tag
Caveats
  • Supply blocks, unpowered buildings, or Contaminate may cause inaccurate times.
  • Supply counts are checked every 10 seconds.